 Dungeon Crawl Stone Soup version 0.19.5 (webtiles) character file.

245 doot the Changer (level 6, -1/38 HPs)
             Began as an Octopode Transmuter on May 6, 2017.
             Killed by divine providence
             ... invoked by an orc priest
              (12 damage)
             ... on level 3 of the Dungeon.
             The game lasted 00:10:02 (3960 turns).

doot the Changer (Octopode Transmuter)              Turns: 3960, Time: 00:10:02

Health: -1/38      AC:  2    Str:  9    XL:     6   Next: 10%
Magic:  7/9        EV: 19    Int: 18    God:
Gold:   96         SH:  0    Dex: 17    Spells: 3 memorised, 1 level left

rFire  . . .     SeeInvis .       - Unarmed
rCold  . . .     Gourm    .     (shield currently unavailable)
rNeg   . . .     Faith    .     (helmet currently unavailable)
rPois  x         Spirit   .     (no amulet)
rElec  .         Reflect  .     j - ring of teleportation (curse)
rCorr  .         Harm     .     (no ring)
MR     .....     Rnd*Tele +     (no ring)
Stlth  ++........               (no ring)
                                (no ring)
                                (no ring)
                                (no ring)
                                (no ring)

@: spider-form
A: almost no armour, stealthy swim, (amphibious), 8 rings, (constrict 8),
(camouflage 0), (gelatinous body 0)
a: End Transformation


You were on level 3 of the Dungeon.
You were not hungry.
You were a venomous arachnid creature.
You visited 1 branch of the dungeon, and saw 4 of its levels.

You collected 96 gold pieces.

Inventory:

Hand Weapons
 e - a +0 short sword
 s - a +2 quarterstaff of chaos (melded)
 u - a +0 spear
Missiles
 a - 25 arrows
 p - 25 poisoned needles
Jewellery
 j - a cursed ring of teleportation (left front leg)
Wands
 o - a wand of digging (17/24)
Scrolls
 f - 6 scrolls of identify {unknown}
 i - a scroll of amnesia {unknown}
 n - 2 scrolls of enchant armour {unknown}
 q - a scroll of random uselessness {unknown}
 t - a scroll of teleportation {unknown}
 v - a scroll of magic mapping {unknown}
 y - a scroll of immolation {unknown}
Potions
 g - a potion of degeneration {unknown}
 h - 2 potions of flight {unknown}
 l - 2 potions of curing
 m - a potion of heal wounds {unknown}
 r - 2 potions of brilliance {unknown}
 A - a potion of cure mutation {unknown}
Books
 b - a book of Changes

   Spells                             Type                      Level
   a - Beastly Appendage              Transmutation                1
   b - Sticks to Snakes               Transmutation                2
   c - Spider Form                    Transmutation/Poison         3
   d - Ice Form                       Ice/Transmutation            4
   e - Blade Hands                    Transmutation                5
Comestibles
 c - 5 bread rations
 d - a slice of pizza
 k - 3 meat rations
 w - 2 fruits
 x - 9 chunks of flesh
 z - a beef jerky


   Skills:
 - Level 1.0 Fighting
 - Level 2.0 Dodging
 - Level 3.0 Unarmed Combat
 - Level 2.0 Spellcasting
 + Level 6.2 Transmutations


You had one spell level left.
You knew the following spells:

 Your Spells              Type           Power        Failure   Level  Hunger
a - Beastly Appendage     Tmut           ###...       6%          1    #......
b - Spider Form           Tmut/Pois      ##........   36%         3    ###....
c - Ice Form              Ice/Tmut       ##......     75%         4    #####..


Dungeon Overview and Level Annotations

Branches:
Dungeon (4/15)
 Temple: D:4-7

Altars:
Ru
Trog


Innate Abilities, Weirdness & Mutations

You cannot wear most types of armour.
You are very stealthy in the water. (Stealth+)
((You are amphibious.))
You can wear up to eight rings at the same time.
((You can use your tentacles to constrict eight enemies at once.))
((Your skin changes colour to match your surroundings (Stealth+).))
((Your rubbery body absorbs attacks. (AC +1, EV +1)))


Message History

There is a stone staircase leading down here.
The orc shouts!
You hit the orc priest.
The orc priest is poisoned.
The orc priest is moderately wounded.
The orc priest calls down the wrath of Beogh upon you.
Beogh smites you!
The orc moves out of view.
The orc priest hits you with a mace!
You completely miss the orc priest.
The orc priest is moderately wounded.
The orc priest hits you with a mace.
You bite the orc priest!
The orc priest is poisoned.
The orc priest is heavily wounded.
The orc priest misses you. The orc priest hits you with a mace.
* * * LOW HITPOINT WARNING * * *
You hit the orc priest.
The orc priest looks as sick as possible!
The orc priest is severely wounded.
The orc priest mumbles some strange prayers to Beogh against you.
Beogh smites you!
You die...

#.#....##..................
#.#.........#..........#...
#.###'###...##...#..##.##..
#.# #.###........#..##.##.#
#.# #...............##.##.#
#.#######...##..##..##.##.#
#..........................
###......o.รท...............
#....###so...............
#....###..##o..##..#....[
#..............<...#.....
#....###..###..##..#.....
#######....##..# #..##..#.....
#.....'....##..###..##..#.....
#####.#.......................
#.#.......................
#.#.......................


You could see 2 orc priests and an orc.

Vanquished Creatures
  A howler monkey (D:3)
  Crazy Yiuf (D:2)
  Ijyb (D:2)
  Robin (D:2)
  4 adders
  A worm (D:2)
  3 dart slugs
  2 leopard geckos
  3 orcs (D:3)
  10 bats
  5 giant cockroaches
  20 goblins
  10 hobgoblins
  7 jackals (D:3)
  A ball python (D:3)
  2 frilled lizards (D:1)
  7 kobolds
  11 rats
90 creatures vanquished.

Notes
Turn   | Place    | Note
-------+----------+-------------------------------------------
     0 | D:1      | doot the Octopode Transmuter began the quest for the Orb.
     0 | D:1      | Reached XP level 1. HP: 13/13 MP: 3/3
   185 | D:1      | Reached XP level 2. HP: 18/18 MP: 3/5
   271 | D:1      | Reached skill level 3 in Transmutations
   465 | D:1      | Reached XP level 3. HP: 23/23 MP: 4/6
   473 | D:1      | Learned a level 3 spell: Spider Form
   908 | D:2      | Noticed Ijyb
  1210 | D:2      | Killed Ijyb
  1210 | D:2      | Reached skill level 4 in Transmutations
  1210 | D:2      | Reached XP level 4. HP: 25/28 MP: 4/7
  1640 | D:2      | Found a bloodstained altar of Trog.
  2177 | D:2      | Noticed Robin
  2198 | D:2      | Reached skill level 5 in Transmutations
  2200 | D:2      | Reached XP level 5. HP: 27/33 MP: 6/8
  2314 | D:2      | Killed Robin
  2631 | D:2      | Found a runed door.
  2707 | D:2      | Noticed Crazy Yiuf
  2718 | D:2      | Killed Crazy Yiuf
  3289 | D:3      | Learned a level 4 spell: Ice Form
  3292 | D:3      | Found a faded altar of an unknown god.
  3434 | D:3      | Found a sacrificial altar of Ru.
  3917 | D:3      | Reached skill level 6 in Transmutations
  3917 | D:3      | Reached XP level 6. HP: 37/38 MP: 5/9
  3960 | D:3      | Killed from afar by an orc priest

Skill      XL: |  1  2  3  4  5 |
---------------+----------------+-----
Transmutations | 3 4 5 6 |  6.2
Fighting       | |  1.0
Dodging        | |  2.0
Unarmed Combat | |  3.0
Spellcasting   | |  2.0

Action                   |  1- 3 |  4- 6 || total
-------------------------+-------+-------++-------
Melee: Unarmed           |    16 |    70 ||    86
       Constrict         |    16 |    19 ||    35
       Short sword       |    42 |    38 ||    80
       Tentacles         |     9 |     9 ||    18
       Kick              |     5 |    11 ||    16
       Punch             |     1 |     1 ||     2
       Quarterstaff      |       |    37 ||    37
 Cast: Beastly Appendage |    18 |    21 ||    39
       Spider Form       |     1 |    11 ||    12
  Use: Potion            |     1 |       ||     1
 Stab: Sleeping          |     6 |     5 ||    11
  Eat: Chunk             |     1 |    11 ||    12
Armor: Skin              |    13 |     5 ||    18
Dodge: Dodged            |    47 |   135 ||   182
